 Dungeon Crawl Stone Soup version 0.29-a0-416-g83a48905f1 (webtiles) character file.

Game seed: 1952023956126013351

56 Hubjo the Firebug (level 3, 0/20 HPs)
             Began as a Deep Elf Fire Elementalist on May 16, 2022.
             Killed by divine providence
             ... invoked by an orc priest
              (9 damage)
             ... on level 3 of the Dungeon.
             The game lasted 00:02:49 (3356 turns).

Hubjo the Firebug (Deep Elf Fire Elementalist)      Turns: 3356, Time: 00:02:50

Health: 0/20       AC:  2    Str:  5    XL:     3   Next: 71%
Magic:  3/10       EV: 13    Int: 21    God:
Gold:   98         SH:  0    Dex: 21    Spells: 8/9 levels left

rFire   . . .      SeeInvis .   (no weapon)
rCold   . . .      Faith    .   (no shield)
rNeg    . . .      Spirit   .   a - +0 robe
rPois   .          Reflect  .   (no helmet)
rElec   .          Harm     .   (no cloak)
rCorr   .          Rampage  .   (no gloves)
Will    .....                   (no boots)
Stlth   +++.......              (no amulet)
HPRegen 0.06/turn               k - +6 ring of dexterity
MPRegen 0.12/turn               (no ring)

@: no status effects
A: no striking features
a: no special abilities


You were on level 3 of the Dungeon.
You visited 1 branch of the dungeon, and saw 3 of its levels.

You collected 98 gold pieces.

Inventory:

Armour
 a - a +0 robe (worn)
Jewellery
 k - a +6 ring of dexterity (left hand)
Wands
 n - a wand of iceblast (1)
Scrolls
 c - 2 scrolls of enchant armour {unknown}
 d - 5 scrolls of identify {unknown}
 f - 2 scrolls of teleportation {unknown}
 j - 2 scrolls of immolation {unknown}
 m - a scroll of brand weapon {unknown}
 o - a scroll of magic mapping {unknown}
Potions
 b - a potion of magic
 e - a potion of degeneration {unknown}
 g - a potion of curing {unknown}
 h - a potion of attraction {unknown}
 i - 2 potions of haste {unknown}
 l - a potion of resistance {unknown}


   Skills:
 * Level 1.6 Fighting
 - Level 2.4 Dodging
 + Level 3.1 Stealth
 + Level 3.6 Spellcasting
 - Level 1.1 Conjurations
 + Level 3.7 Fire Magic


You had 8 spell levels left.
You knew the following spells:

 Your Spells              Type           Power      Damage    Failure   Level
a - Foxfire               Conj/Fire      56%        2x1d6     4%          1

Your spell library contained the following spells:

 Spells                   Type           Power      Damage    Failure   Level
 Scorch                   Fire           38%        2d7       4%          2
 Conjure Flame            Conj/Fire      14%        6-21      14%         3
 Inner Flame              Hex/Fire       11%        N/A       17%         3
 Flame Wave               Conj/Fire      14%        2d6       41%         4


Dungeon Overview and Level Annotations

Branches:
Dungeon (3/15)

Altars:
Okawaru
Qazlal

Shops:
D:3 =*[[


Message History

Found a book of Air.
An orc is nearby!
An orc is nearby!
An orc is nearby!
An orc is nearby!
An orc is nearby!
An orc is nearby!
You conjure some foxfire!
You conjure some foxfire!
You conjure some foxfire!
The foxfire hits the orc.
The orc is heavily wounded.
The orc shouts!
You hear a shout! x2
You conjure some foxfire!
You hear a shout!
Your foxfire dissipates!
The foxfire hits the orc.
The orc is severely wounded.
Your foxfire dissipates! x2
You conjure some foxfire!
The orc throws a boomerang.
The boomerang closely misses you.
An orc priest comes into view. It is wielding a +0 whip.
You conjure some foxfire!
Your foxfire dissipates! x2
You conjure some foxfire!
The foxfire hits the orc.
You kill the orc!
The orc priest invokes the aid of Beogh against you.
Beogh smites you!
Ouch! That really hurt!
An orc comes into view. It is wielding a +0 hand axe.
Your foxfire dissipates! x2
Your foxfire dissipates!
You are too injured to fight recklessly!
You are too injured to fight recklessly!
You are too injured to fight recklessly!
Casting: Foxfire (safe; 4% risk of failure)
Confirm with . or Enter, or press ? or * to list all spells.
You conjure some foxfire!
The orc priest mumbles some strange prayers to Beogh against you.
Beogh smites you!
You die...

..............#'#.###............
.....########.#.#.# ##########...
......# #.#.#+##### ##.. ......#
#.#.......# #.. #####.#
###.#.......# #..
#.#####...#.......# #..
#......[..#.......# #..
###########v......# ##.
#.).o..@.....# ##
....o##....v....# ## ..v
#........## #. . #........+ #.
#........# .... #. #........#
#...|..#. #.†......# #......#.
#........####......#. .8.......#.


You could see an orc priest and an orc (ally target).

Vanquished Creatures
  An adder (D:2)
  A worm (D:3)
  An orc (D:3)
  2 ball pythons
  5 endoplasms
  2 giant cockroaches
  3 goblins
  7 hobgoblins
  5 kobolds
  A quokka (D:3)
  2 bats
  4 frilled lizards
  7 rats
41 creatures vanquished.

Vanquished Creatures (collateral kills)
  5 foxfires
5 creatures vanquished.

Vanquished Creatures (others)
  249 foxfires
249 creatures vanquished.

Grand Total: 295 creatures vanquished

Notes
Turn   | Place    | Note
-------+----------+-------------------------------------------
     0 | D:1      | Hubjo the Deep Elf Fire Elementalist began the quest for
                  | the Orb.
     0 | D:1      | Reached XP level 1. HP: 10/10 MP: 6/6
   309 | D:1      | Reached XP level 2. HP: 16/16 MP: 5/8
   961 | D:1      | Reached skill level 1 in Fighting
  1422 | D:2      | Found a faded altar of an unknown god.
  1827 | D:2      | Identified the +7 whip of the Spectre {drain, rC+ Will-
                  | Str+5 SInv}
  1854 | D:2      | Reached XP level 3. HP: 20/20 MP: 5/9
  2266 | D:3      | Found an iron altar of Okawaru.
  2545 | D:3      | Found Guruggy's Jewellery Emporium.
  2790 | D:3      | Found Vuuwkos's Antique Armour Shop.
  2922 | D:3      | Found Tecvec's Assorted Antiques.
  2955 | D:3      | Found a stormy altar of Qazlal.
  3187 | D:3      | Found Fagoutt's Antique Armour Boutique.
  3356 | D:3      | Killed from afar by an orc priest

Illustrated notes

Levels and vault maps discovered:
D:1:      lemuel_arrival_river_bridge, layout_loops_ring, minivault_23,
          dreamdust_princess_bridge
D:2:      layout_loops_ring, shapermc_ecumenical_altar_mp_ritualfount
D:3:      layout_basic, mainiacjoe_overflow_surrounded_room,
          nicolae_overflow_crystal_walls, slow_altar_2, serial_shops,
          shop_statue, shop, shop, shop, nicolae_shop_advertising_works
          [nicolae_subvault_shop_adworks], kennysheep_nub, minivault_14

Skill      XL: |  1  2 |
---------------+-------+-----
Fighting       | 1 |  1.6
Stealth        | 3 |  3.1
Dodging        | |  2.4
Spellcasting   | |  3.6
Conjurations   | |  1.1
Fire Magic     | |  3.7

Action                   || total
-------------------------++-------
Melee: Unarmed           ||     1
 Cast: Foxfire           ||   159
Dodge: Dodged            ||    11

Table legend: (Time is in decaauts)
 A = Elapsed time spent in this place.
 B = Non-inter-level travel time spent in this place.
 C = Inter-level travel time spent in this place.
 D = Time resting spent in this place.
 E = Time spent auto-exploring this place.
 F = Levels seen in this place.
 G = Mean time per level.
                   A        B        C        D        E       F      G
               +--------+--------+--------+--------+--------+-----+--------+
         Total |   3355 |   3332 |     23 |      0 |   3022 |   3 | 1118.3 |
       Dungeon |   3355 |   3332 |     23 |      0 |   3022 |   3 | 1118.3 |
               +--------+--------+--------+--------+--------+-----+--------+

Top non-repeatable levels by time:
     D:1: 1152 daAuts
     D:2: 1113 daAuts
     D:3: 1089 daAuts
